 Dungeon Sprint DCSS version 0.23.2-40-g277498a001 (webtiles) character file.

Game seed: 4797006328125024024

5719 Cryoshakespeare the Spear-Bearer (level 10, -5/103 HPs)
             Began as a Naga Skald on Sept 23, 2019.
             Was the Champion of Cheibriados.
             Slain by a death yak (8 damage)
             ... while petrified by you
             ... in the Dungeon (Sprint IX: "|||||||||||||||||||||||||||||").
             The game lasted 00:08:04 (1421 turns).

Cryoshakespeare the Spear-Bearer (Naga Skald)       Turns: 1421, Time: 00:08:05

Health: -5/103     AC: 15    Str: 28    XL:     10   Next: 76%
Magic:  18/19      EV:  1    Int: 31    God:    Cheibriados [******]
Gold:   9          SH:  0    Dex: 27    Spells: 16/21 levels left

rFire    . . .     SeeInvis +   m - +2 halberd (venom)
rCold    . . .     Gourm    .   (shield currently unavailable)
rNeg     + + +     Faith    .   p - +1 scale mail
rPois    ∞         Spirit   .   a - +0 helmet
rElec    .         Reflect  .   (no cloak)
rCorr    .         Harm     .   (no gloves)
MR       +....     NoTele   +   (no barding)
Stlth    +.........             (no amulet)
HPRegen  0.27/turn              n - +2 ring of protection
MPRegen  0.16/turn              o - +2 ring of protection

@: petrified, singing, very slow
A: large, see invisible, deformed body, poison resistance, slowness 2, slow
metabolism 1, spit poison 1, AC +3
a: Spit Poison, Bend Time, Temporal Distortion, Slouch, Step From Time, Renounce
Religion


You were in the Dungeon.
You worshipped Cheibriados.
Cheibriados was exalted by your worship.
You were not hungry.

You visited 1 branch You collected 9 gold pieces.

Inventory:

Hand Weapons
 m - a +2 halberd of venom (weapon)
Armour
 a - a +0 helmet (worn)
 b - a +0 leather armour
 p - a +1 scale mail (worn)
Jewellery
 n - a +2 ring of protection (left hand)
 o - a +2 ring of protection (right hand)
Wands
 l - a wand of iceblast (10)
Scrolls
 g - a scroll of fear
 i - 6 scrolls of remove curse
 j - 3 scrolls of blinking
 k - a scroll of amnesia
 q - 2 scrolls of enchant armour
 r - a scroll of identify
Potions
 c - a potion of invisibility
 e - 9 potions of curing
 f - 3 potions of heal wounds
 h - 4 potions of magic
Comestibles
 d - a ration


   Skills:
 + Level 10.7 Fighting
 * Level 13.5 Polearms
 + Level 8.9 Armour
 + Level 9.0 Dodging
 - Level 6.1 Spellcasting
 - Level 5.0 Hexes
 - Level 8.0 Charms
 + Level 3.3 Invocations


You had 16 spell levels left.
You knew the following spells:

 Your Spells              Type           Power        Failure   Level  Hunger
a - Song of Slaying       Chrm           ######..     1%          2    None
b - Spectral Weapon       Hex/Chrm       ######..     1%          3    None

Your spell library contained the following spells:

 Spells                   Type           Power        Failure   Level  Hunger
 Infusion                 Chrm           ####         1%          1    None
 Shroud of Golubria       Chrm/Tloc      ####......   2%          2    None
 Regeneration             Chrm/Necr      ####......   5%          3    None


Dungeon Overview and Level Annotations

Branches:
Dungeon (1/1)

Altars:
Cheibriados
Dithmenos
Elyvilon
Fedhas
Gozag
Hepliaklqana
Kikubaaqudgha
Makhleb
Nemelex Xobeh
Okawaru
Qazlal
Ru
Sif Muna
Trog
Uskayaw
Vehumet
Wu Jian
Xom
Yredelemnul
Zin
The Shining One
Beogh
Jiyva
Lugonu


Innate Abilities, Weirdness & Mutations

You cannot wear boots.
Your serpentine skin is tough. (AC +3)
You have supernaturally acute eyesight. (SInv)
Armour fits poorly on your strangely shaped body.
Your system is resistant to poisons. (rPois)
You cover ground very slowly.
You have a slow metabolism.
You can spit poison.


Message History

The death yak looks as sick as possible!
The death yak gores you! The death yak gores you!!
* * * LOW HITPOINT WARNING * * *
You have turned to stone.
The death yak gores you!!
* * * LOW HITPOINT WARNING * * *
You kill the death yak!
Cheibriados thoroughly appreciates the change of pace.
Your Dodging skill increases to level 9!
Your Invocations skill increases to level 3!
The death yak gores you but does no damage. x2
The death yak gores you!
* * * LOW HITPOINT WARNING * * *
The death yak gores you.
* * * LOW HITPOINT WARNING * * *
The death yak gores you!
* * * LOW HITPOINT WARNING * * *
The death yak gores you but does no damage.
The death yak gores you!
You die...

▓▓▓▓▓▓▓▓▓▓▓▓▓▓▓▓▓▓▓▓▓▓▓▓▓▓▓▓▓▓▓▓▓
...)))(..[.)|..'_________________
▓▓▓▓▓▓▓▓▓▓▓▓▓▓▓▓▓▓▓▓▓▓▓▓▓▓▓▓▓▓▓▓▓
.................................
▓▓▓▓▓▓▓▓▓▓▓▓▓▓▓▓▓▓▓▓▓▓▓▓▓▓▓▓▓▓▓▓▓
.YYYYYY@(.....÷÷'.......
▓▓▓▓▓▓▓▓▓▓▓▓▓▓▓▓▓▓▓▓▓▓▓▓


You could see 3 death yaks, 3 yaks and a friendly spectral +2 halberd of venom.

Vanquished Creatures
  A hydra (D)
  A catoblepas (D)
  A death yak (D)
  A torpor snail (D)
  A black mamba (D)
  4 spiny frogs (D)
  A komodo dragon (D)
  A basilisk (D)
  A yak (D)
  A vampire mosquito (D)
  3 water moccasins (D)
  2 porcupines (D)
  An ice beast (D)
  3 centaurs (D)
  A wolf (D)
  2 crocodiles (D)
  2 bullfrogs (D)
  A scorpion (D)
  2 crimson imps (D)
  A hound (D)
  2 worker ants (D)
  An adder zombie (D)
  An orc (D)
  2 bats (D)
  A goblin (D)
  A hobgoblin (D)
  A quokka (D)
  A giant cockroach zombie (D)
  A rat (D)
  A spectral weapon (D)
43 creatures vanquished.

Notes
Turn   | Place    | Note
-------+----------+-------------------------------------------
     0 | D        | Cryoshakespeare the Naga Skald began the quest for the Orb.
     0 | D        | Reached XP level 1. HP: 19/19 MP: 3/3
   220 | D        | Noticed a crimson imp
   220 | D        | Noticed a hound
   220 | D        | Noticed an ice beast
   227 | D        | Reached XP level 2. HP: 25/26 MP: 5/5
   244 | D        | Killed an ice beast
   244 | D        | Reached skill level 3 in Polearms
   244 | D        | Reached skill level 5 in Charms
   244 | D        | Reached XP level 3. HP: 25/36 MP: 6/8
   244 | D        | Reached XP level 4. HP: 31/44 MP: 6/9
   248 | D        | Reached skill level 4 in Polearms
   248 | D        | Reached XP level 5. HP: 27/50 MP: 6/11
   438 | D        | Found a roughly hewn altar of Beogh.
   438 | D        | Found a snail-covered altar of Cheibriados.
   438 | D        | Found a shadowy altar of Dithmenos.
   438 | D        | Found a white marble altar of Elyvilon.
   438 | D        | Found a blossoming altar of Fedhas.
   438 | D        | Found an opulent altar of Gozag.
   439 | D        | Found a hazy altar of Hepliaklqana.
   440 | D        | Found a viscous altar of Jiyva.
   441 | D        | Found an ancient bone altar of Kikubaaqudgha.
   442 | D        | Became a worshipper of Cheibriados the Contemplative
   443 | D        | Found a corrupted altar of Lugonu.
   444 | D        | Found a burning altar of Makhleb.
   445 | D        | Found a sparkling altar of Nemelex Xobeh.
   446 | D        | Found an iron altar of Okawaru.
   447 | D        | Found a stormy altar of Qazlal.
   448 | D        | Found a sacrificial altar of Ru.
   449 | D        | Found a deep blue altar of Sif Muna.
   450 | D        | Found a bloodstained altar of Trog.
   451 | D        | Found a hide-covered altar of Uskayaw.
   452 | D        | Found a radiant altar of Vehumet.
   453 | D        | Found an ornate altar of the Wu Jian Council.
   454 | D        | Found a shimmering altar of Xom.
   455 | D        | Found a basalt altar of Yredelemnul.
   456 | D        | Found a glowing silver altar of Zin.
   457 | D        | Found a glowing golden altar of the Shining One.
   490 | D        | Learned a level 3 spell: Spectral Weapon
   493 | D        | Learned a level 2 spell: Song of Slaying
   501 | D        | Noticed a centaur
   501 | D        | Noticed a water moccasin
   501 | D        | Noticed a centaur
   501 | D        | Noticed a centaur
   503 | D        | Killed a centaur
   503 | D        | Reached skill level 5 in Fighting
   503 | D        | Reached skill level 5 in Polearms
   503 | D        | Reached XP level 6. HP: 61/61 MP: 8/13
   506 | D        | Reached * piety under Cheibriados
   506 | D        | Reached skill level 5 in Spellcasting
   514 | D        | Killed a water moccasin
   514 | D        | Reached skill level 6 in Polearms
   519 | D        | Reached ** piety under Cheibriados
   519 | D        | Reached skill level 5 in Dodging
   519 | D        | Reached XP level 7. HP: 47/69 MP: 6/15
   524 | D        | Reached *** piety under Cheibriados
   651 | D        | Noticed a yak
   651 | D        | Noticed a vampire mosquito
   655 | D        | Killed a vampire mosquito
   655 | D        | Reached skill level 7 in Polearms
   655 | D        | Reached skill level 5 in Armour
   655 | D        | Reached skill level 1 in Hexes
   658 | D        | Killed a yak
   658 | D        | Reached **** piety under Cheibriados
   663 | D        | Reached ***** piety under Cheibriados
   664 | D        | Reached XP level 8. HP: 57/78 MP: 12/17
   861 | D        | Noticed a spiny frog
   864 | D        | Reached skill level 8 in Polearms
   873 | D        | Noticed a spiny frog
   882 | D        | Killed a spiny frog
   882 | D        | Reached skill level 9 in Polearms
   884 | D        | Reached ****** piety under Cheibriados
   889 | D        | Reached XP level 9. HP: 66/88 MP: 13/18
   890 | D        | Reached skill level 5 in Hexes
   892 | D        | Killed a spiny frog
   892 | D        | Reached skill level 10 in Polearms
  1050 | D        | Noticed a komodo dragon
  1050 | D        | Noticed a seven-headed hydra
  1050 | D        | Noticed a spiny frog
  1050 | D        | Noticed a torpor snail
  1055 | D        | Killed a torpor snail
  1056 | D        | Reached skill level 11 in Polearms
  1058 | D        | Noticed a spiny frog
  1060 | D        | Killed a spiny frog
  1060 | D        | Killed a komodo dragon
  1060 | D        | Noticed a black mamba
  1063 | D        | Killed a seven-headed hydra
  1063 | D        | Reached skill level 10 in Fighting
  1063 | D        | Reached skill level 12 in Polearms
  1063 | D        | Reached XP level 10. HP: 16/102 MP: 5/19
  1063 | D        | Killed a spiny frog
  1063 | D        | Killed a black mamba
  1393 | D        | Noticed a death yak
  1393 | D        | Noticed a death yak
  1393 | D        | Noticed a catoblepas
  1396 | D        | Noticed a death yak
  1400 | D        | Noticed a death yak
  1409 | D        | Killed a catoblepas
  1409 | D        | Reached skill level 13 in Polearms
  1414 | D        | Killed a death yak
  1419 | D        | HP: 2/103 [death yak (6)]
  1421 | D        | Slain by a death yak

Skill      XL: |  1  2  3  4  5  6  7  8  9 10 |
---------------+-------------------------------+-----
Charms         | 4 5 6 7 8 |  8.0
Fighting       | 3 4 5 6 8 10 | 10.7
Polearms       | 3 4 5 6 7 9 12 13 | 13.5
Armour         | 2 3 4 5 6 8 |  8.9
Dodging        | 3 4 5 6 8 9 |  9.0
Spellcasting   | 3 4 5 6 |  6.1
Hexes          | 2 4 5 |  5.0
Invocations    | 3 |  3.3

Action                   |  1- 3 |  4- 6 |  7- 9 | 10-12 || total
-------------------------+-------+-------+-------+-------++-------
Melee: Spear             |    40 |    13 |       |       ||    53
       Halberd           |       |    14 |    43 |     7 ||    64
 Cast: Infusion          |     1 |       |       |       ||     1
       Spectral Weapon   |       |     2 |     5 |     1 ||     8
       Song of Slaying   |       |     1 |     4 |     1 ||     6
Invok: Slouch            |       |       |     2 |     1 ||     3
 Abil: Spit Poison       |     2 |       |       |       ||     2
  Use: Potion            |     2 |       |     1 |       ||     3
       Scroll            |       |       |     1 |       ||     1
Armor: Leather armour    |     7 |    16 |     2 |       ||    25
       Scale mail        |       |       |    28 |     7 ||    35
Dodge: Dodged            |    19 |    17 |    42 |     2 ||    80
